AoeStats
← Andrez14

Oasis

510217053Analyzed
3v3 RM · 22h ago on Sep 30, 2026· 53m 8s· 6 players
Game mode
Random Map
Map size
Normal (6 player)
Population
200
Speed
Normal
Resources
Standard
Victory
Conquest
Starting age
Dark Age
Ending age
Imperial Age
RankedLock teamsTeams togetherTeam positionsShared explorationLock speedFull tech treeHidden civsTurbo modeCheats
Victory
Defeat
🇺🇸 Turks · United States
1027
+14
🇺🇸 Danes · United States
974
+16
🇺🇸 Persians · United States
950
+17
🇨🇱 Franks · Chile
1005
-17
🇨🇱 Wu · Chile
1004
-16
🇨🇱 Japanese · Chile
940
-14
Crazy Train
12:08 Feudal Age
16:04 Wheelbarrow
18:11 Castle Age
21:05 Double-Bit Axe
29:14 Bow Saw
29:34 Padded Archer Armor
29:47 Forging
30:11 Horse Collar
30:23 Gold Mining
36:23 Imperial Age
34:13 Hand Cart
33:47 Loom
33:47 Town Watch
35:04 Gold Shaft Mining
34:23 Stone Mining
35:43 Leather Archer Armor
36:06 Iron Casting
35:38 Scale Barding Armor
37:48 Ring Archer Armor
38:29 Two-Man Saw
40:57 Elite Janissary
41:38 Artillery
41:59 Conscription
41:54 Scale Mail Armor
42:17 Chain Barding Armor
42:57 Blast Furnace
42:07 Heavy Plow
42:57 Ballistics
42:20 Treadmill Crane
43:34 Husbandry
43:45 Bloodlines
48:52 Murder Holes
49:09 Masonry
toolbanana-man
6:15 Loom
12:01 Feudal Age
15:32 Double-Bit Axe
18:35 Fletching
23:35 Castle Age
24:04 Crossbowman
27:03 Bow Saw
30:36 Bodkin Arrow
35:12 Imperial Age
35:02 Gold Mining
36:02 Elite Skirmisher
40:03 Squires
39:49 Arson
40:07 Scale Mail Armor
41:25 Stone Mining
43:26 Chain Mail Armor
42:42 Hamask
47:58 Conscription
47:13 Heavy Scorpion
50:37 Bracer
50:43 Elite Varangian Guard
scallywag4100
9:08 Feudal Age
10:26 Double-Bit Axe
15:33 Gold Mining
21:22 Castle Age
19:28 Gold Mining
19:20 Horse Collar
21:36 Light Cavalry
22:22 Husbandry
22:37 Bloodlines
23:49 Scale Barding Armor
27:25 Ballistics
27:22 Bow Saw
27:18 Heavy Plow
29:48 Wheelbarrow
28:59 Town Watch
31:24 Fletching
31:59 Ballistics
33:06 Murder Holes
33:08 Bodkin Arrow
38:13 Imperial Age
36:12 Hand Cart
37:57 Heavy Camel Rider
40:36 Forging
41:46 Chain Barding Armor
41:38 Husbandry
44:44 Plate Barding Armor
44:46 Iron Casting
44:12 Heavy Scorpion
48:39 Blast Furnace
49:03 Citadels
PalomaBesti
9:23 Loom
11:12 Feudal Age
12:02 Double-Bit Axe
11:58 Horse Collar
12:49 Man-at-Arms
14:02 Forging
16:59 Arson
17:47 Scale Mail Armor
24:43 Castle Age
22:44 Gold Mining
22:45 Stone Mining
23:15 Fletching
25:01 Elite Skirmisher
26:42 Bow Saw
26:51 Town Watch
27:59 Bodkin Arrow
29:59 Chain Mail Armor
30:23 Heavy Plow
30:43 Squires
31:56 Ballistics
31:32 Murder Holes
31:57 Padded Archer Armor
34:46 Long Swordsman
40:03 Imperial Age
38:29 Iron Casting
39:01 Caravan
39:09 Red Cliffs Tactics
41:20 Gold Shaft Mining
41:20 Stone Shaft Mining
41:48 Two-Man Saw
41:27 Wheelbarrow
41:32 Conscription
42:19 Bracer
41:54 Two-Handed Swordsman
44:48 Chemistry
43:28 Treadmill Crane
44:02 Onager
46:05 Town Patrol
46:51 Elite Fire Archer
48:41 Plate Mail Armor
49:15 Champion
52:36 Blast Furnace
51:52 Leather Archer Armor
Andrez14
5:41 Loom
9:34 Feudal Age
10:04 Double-Bit Axe
20:03 Castle Age
19:44 Scale Barding Armor
21:14 Wheelbarrow
21:26 Bow Saw
22:48 Forging
22:59 Chain Barding Armor
24:37 Gold Mining
29:07 Stone Mining
30:18 Iron Casting
32:18 Wheelbarrow
34:43 Imperial Age
33:31 Fletching
33:42 Padded Archer Armor
36:28 Plate Barding Armor
35:18 Cavalier
44:00 Husbandry
45:03 Blast Furnace
44:06 Paladin
45:04 Light Cavalry
46:25 Hand Cart
45:57 Town Watch
49:16 Town Patrol
Escobilla
11:02 Feudal Age
11:27 Double-Bit Axe
11:57 Loom
15:06 Gold Mining
22:07 Castle Age
20:37 Man-at-Arms
22:58 Scale Mail Armor
23:08 Forging
24:38 Forging
24:43 Chain Mail Armor
24:59 Bow Saw
32:52 Padded Archer Armor
32:42 Fletching
32:58 Scale Barding Armor
33:59 Leather Archer Armor
35:26 Bodkin Arrow
40:58 Imperial Age
40:32 Gold Shaft Mining
39:50 Stone Mining
39:51 Horse Collar
42:21 Heavy Cavalry Archer
43:29 Parthian Tactics
46:36 Elite Samurai
49:29 Chain Mail Armor
51:42 Plate Mail Armor
51:47 Iron Casting
51:22 Long Swordsman
Connection lost

Rejoining the realm…

Still unreachable

The connection could not be restored.

Session expired

The server has moved on; the page needs a fresh start.